 Dungeon Crawl Stone Soup version 0.17-a0-1850-g688e747 (webtiles) character file.

4570 mcbry74 the Thaumaturge (level 10, 0/53 HPs)
             Began as a Deep Elf Wizard on Sept 19, 2015.
             Was a High Priest of Sif Muna.
             Slain by a killer bee (6 damage)
             ... on level 9 of the Dungeon on Sept 20, 2015.
             The game lasted 02:52:17 (15700 turns).

mcbry74 the Thaumaturge (Deep Elf Wizard)          Turns: 15700, Time: 02:52:19

Health: 0/53       AC:  6    Str:  4    XL:     10   Next: 18%
Magic:  0/28       EV: 14    Int: 27    God:    Sif Muna [*****.]
Gold:   583        SH:  0    Dex: 11    Spells: 6 memorised, 21 levels left

rFire  . . .     SeeInvis .     z - +2 dagger (holy)
rCold  . . .     Clarity  .     a - +0 robe
rNeg   . . .     SustAt   .     (no shield)
rPois  .         Gourm    .     b - +0 hat
rElec  .         Spirit   +     (no cloak)
rCorr  .         Warding  .     u - +2 pair of gloves
rMut   .         Rnd*Tele +     s - +0 pair of boots
MR     ++...                    x - amulet of guardian spirit
Stlth  +++.......               K - ring of wizardry
                                j - ring of protection from magic

@: lethally poisoned (0 -> -38), about to teleport, repel missiles, drained,
very resistant to hostile enchantments, fairly stealthy
A: rugged brown scales 1, blurry vision 1, breathe flames 2, clumsy 1, deformed
body, teleportitis 1
a: Channel Energy, Forget Spell, Renounce Religion, Breathe Fire


You were on level 9 of the Dungeon.
You worshipped Sif Muna.
Sif Muna was extremely pleased with you.
You were not hungry.

You visited 2 branches of the dungeon, and saw 11 of its levels.
You also visited: Ossuary.

You collected 583 gold pieces.

Inventory:

Hand weapons
 l - a +1 whip of holy wrath
 o - a +0 short sword
 z - a +2 dagger of holy wrath (weapon)
 A - a +4 scimitar of flaming
 C - a +1 dagger of venom
Armour
 a - a +0 robe (worn)
 b - a +0 hat (worn)
 s - a +0 pair of boots (worn)
 u - a +2 pair of gloves (worn)
Magical staves
 H - an uncursed staff of wizardry
Jewellery
 e - an uncursed ring of magical power {unknown}
 j - a ring of protection from magic (left hand)
 x - an amulet of guardian spirit (around neck)
 y - an uncursed ring of positive energy
 E - a +4 ring of evasion {unknown}
 I - an uncursed amulet of resist corrosion
 K - a ring of wizardry (right hand)
Magical devices
 w - a wand of teleportation (1)
 G - a wand of fireball (4)
 J - a wand of enslavement (8)
Scrolls
 g - 3 scrolls of identify
 h - 2 scrolls of fear
 i - 4 scrolls of remove curse
 k - 2 scrolls of amnesia
 r - 2 scrolls of immolation
 t - a scroll of magic mapping
Potions
 p - a potion of curing
 q - 2 potions of agility
 B - a potion of magic
 D - a potion of brilliance
 F - a potion of cancellation
Books
 c - a book of Minor Magic

   Spells                             Type                      Level
   a - Magic Dart                     Conjuration                  1
   b - Blink                          Translocation                2
   c - Call Imp                       Summoning                    2
   d - Repel Missiles                 Charms/Air                   2
   e - Slow                           Hexes                        2
   f - Conjure Flame                  Conjuration/Fire             3
   g - Mephitic Cloud                 Conjuration/Poison/Air       3
Comestibles
 d - a bread ration
 f - a fruit
 m - 4 meat rations


   Skills:
 + Level 1.1(0.6) Fighting
 + Level 0.2(0.0) Short Blades
 + Level 6.1(5.5) Dodging
 + Level 5.1(4.6) Stealth
 + Level 12.8(12.1) Spellcasting
 + Level 6.9(6.3) Conjurations
 + Level 6.6(6.0) Summonings
 + Level 1.3(0.8) Translocations
 + Level 2.5(1.9) Fire Magic
 + Level 1.4(0.9) Air Magic
 + Level 2.3(1.8) Poison Magic


You had 21 spell levels left.
You knew the following spells:

 Your Spells              Type           Power        Failure   Level  Hunger
a - Magic Dart            Conj           ####         1%          1    None
b - Call Imp              Summ           #####...     1%          2    None
c - Blink                 Tloc           N/A          1%          2    None
d - Mephitic Cloud        Conj/Pois/Air  ####....     1%          3    None
e - Conjure Flame         Conj/Fire      #####...     1%          3    None
f - Repel Missiles        Chrm/Air       ###...       2%          2    None


Dungeon Overview and Level Annotations

Branches:
Dungeon (10/15)            Temple (1/1) D:4
   Lair: D:8-11         Orc: D:9-12

Altars:
Ashenzari
Cheibriados
Dithmenos
Elyvilon
Fedhas
Gozag
Kikubaaqudgha
Makhleb
Nemelex Xobeh
Okawaru
Qazlal
Ru
Sif Muna
Trog
Vehumet
Xom
Yredelemnul
Zin
The Shining One

Shops:
D:4 (*=   D:6 (


Innate Abilities, Weirdness & Mutations

You are partially covered in rugged brown scales (AC +1, +3% HP).
Scrolls take you a little longer to read.
You can breathe fire.
You are clumsy. (Dex -2)
Armour fits poorly on your strangely shaped body.
You are occasionally teleported to nearby monsters.


Message History

The killer bee stings you.
You are more poisoned.
The killer bee poisons you!
The killer bee stings you but does no damage.
The killer bee misses you. The killer bee completely misses you.
The killer bee barely misses you. The killer bee closely misses you.
The killer bee barely misses you. The killer bee stings you.
As you read the scroll of teleportation, it crumbles to dust.
You feel strangely unstable.
Casting: Blink
Confirm with . or Enter, or press ? or * to list all spells.
You don't have enough magic to cast that spell.
You feel very sick. The killer bee completely misses you.
The killer bee stings you!
* * * LOW HITPOINT WARNING * * *
The killer bee stings you.
* * * LOW HITPOINT WARNING * * *
You are more poisoned.
The killer bee poisons you! The killer bee stings you!
You die...

..................
####+#....)......# Y...
#............### ....(
#..............# $.....
##............#.# ......
#......[......# # ...Y5.
#........>....# ......#
#....yyy......#
.......#####'##@######.....
.#####..###...yy# .....
..............yF# ....
#.######.##......# ..
..........#.#.##.#
..........#.#.##.# #
.########<#.#.##.##...#
)...........#.........+
.........#.#####.##...#


You could see a giant frog and 6 killer bees.

Vanquished Creatures
  Erica (D:8)
  The ghost of enrike the Shield-Bearer, an experienced MiFi of Sif Muna (D:4)
  A wyvern (D:8)
  A hippogriff (D:7)
  A hungry ghost (D:8)
  3 sky beasts
  A water moccasin (D:8)
  2 ice beasts
  A black bear (D:8)
  3 ogres
  A necrophage (D:8)
  5 centaurs
  A big kobold (D:8)
  2 giant frogs
  A scorpion (D:4)
  3 wights (D:9)
  An orc priest (D:8)
  5 orc wizards
  A centaur skeleton (D:4)
  7 hounds
  A giant frog skeleton (D:4)
  5 iguanas
  4 worker ants
  A hound skeleton (D:5)
  12 mummies (Ossuary)
  2 river rats (D:3)
  8 adders
  A shadow imp (D:6)
  2 oozes
  An adder skeleton (D:4)
  4 giant geckos
  11 orcs
  5 goblins
  6 hobgoblins
  5 jackals
  3 quokkas
  8 bats
  3 giant cockroaches
  7 giant newts
  3 gnoll skeletons (Ossuary)
  A goblin skeleton (Ossuary)
  A jackal skeleton (D:6)
  12 kobolds
  3 kobold skeletons (Ossuary)
  A quokka skeleton (D:4)
  8 rats
  11 rat skeletons (Ossuary)
171 creatures vanquished.

Vanquished Creatures (collateral kills)
  2 yaks (D:9)
  A hungry ghost (D:8)
  An ice beast (D:8)
  A sky beast (D:9)
  2 ogres
  A wyvern skeleton (D:7)
  4 crimson imps
  2 jellies (D:5)
  4 orc priests
  A centaur skeleton (D:4)
  2 orc wizards
  A worker ant (D:7)
  A mummy (Ossuary)
  2 river rats (D:3)
  4 adders
  An ooze (D:3)
  An adder zombie (D:7)
  4 worms
  4 giant geckos
  5 orcs
  2 bats (D:2)
  8 hobgoblins
  11 jackals
  5 kobolds
  A giant cockroach (D:3)
  A goblin (D:3)
  An orc skeleton (Ossuary)
73 creatures vanquished.

Grand Total: 244 creatures vanquished

Notes
Turn   | Place    | Note
--------------------------------------------------------------
     0 | D:1      | mcbry74 the Deep Elf Wizard began the quest for the Orb.
     0 | D:1      | Reached XP level 1. HP: 10/10 MP: 7/7
   320 | D:1      | Reached XP level 2. HP: 15/15 MP: 7/9
   324 | D:1      | Learned a level 2 spell: Call Imp
   327 | D:1      | Learned a level 2 spell: Blink
   914 | D:1      | Reached skill level 5 in Spellcasting
   990 | D:1      | Reached XP level 3. HP: 19/19 MP: 11/11
   995 | D:1      | Learned a level 3 spell: Mephitic Cloud
   999 | D:1      | Learned a level 3 spell: Conjure Flame
  2031 | D:2      | Reached XP level 4. HP: 24/24 MP: 10/13
  2038 | D:2      | Learned a level 2 spell: Repel Missiles
  3151 | D:3      | Reached skill level 6 in Spellcasting
  3574 | D:3      | Found a sacrificial altar of Ru.
  3627 | D:3      | Reached XP level 5. HP: 28/28 MP: 10/15
  3854 | D:3      | Found a stormy altar of Qazlal.
  4288 | D:4      | Noticed an ogre
  4296 | D:4      | Killed an ogre
  4296 | D:4      | Reached XP level 6. HP: 32/32 MP: 11/17
  4301 | D:4      | Found a staircase to the Ecumenical Temple.
  4304 | D:4      | Found a white marble altar of Elyvilon.
  4311 | Temple   | Entered the Ecumenical Temple
  4543 | Temple   | Became a worshipper of Sif Muna the Loreminder
  4572 | D:4      | Gained mutation: You have large cloven feet. [potion of mutation]
  4572 | D:4      | Gained mutation: You are weak. (Str -2) [potion of mutation]
  4583 | D:4      | Found Quask's Antique Weapon Shop.
  4618 | D:4      | Found a glowing golden altar of the Shining One.
  4656 | D:4      | Noticed enrike's ghost (experienced MiFi)
  4967 | D:4      | Reached skill level 7 in Spellcasting
  5055 | D:4      | Found Lota's Jewellery Boutique.
  5061 | D:4      | Found Qeib's Assorted Antiques.
  5450 | D:4      | Found a blossoming altar of Fedhas.
  5471 | D:4      | Killed enrike's ghost
  5471 | D:4      | Acquired Sif Muna's first power
  5471 | D:4      | Reached XP level 7. HP: 27/36 MP: 2/20
  5473 | D:4      | Reached skill level 8 in Spellcasting
  6663 | D:5      | Entered Level 5 of the Dungeon
  7143 | D:5      | Found a sand-covered staircase.
  7187 | Ossuary  | Entered an ossuary
  7254 | Ossuary  | Reached skill level 1 in Poison Magic
  7848 | Ossuary  | Reached XP level 8. HP: 21/41 MP: 12/22
  8335 | Ossuary  | Reached skill level 9 in Spellcasting
  9011 | D:5      | Acquired Sif Muna's second power
  9011 | D:5      | Reached skill level 5 in Dodging
  9472 | D:6      | HP: 1/42 [acid (5)]
  9516 | D:5      | Reached skill level 1 in Fire Magic
 10229 | D:6      | Reached skill level 5 in Conjurations
 10469 | D:6      | Found Witsoloa's Antique Weapon Shop.
 10692 | D:6      | Reached skill level 10 in Spellcasting
 11286 | D:7      | Reached skill level 5 in Summonings
 11286 | D:7      | Reached skill level 1 in Air Magic
 11332 | D:7      | Gained mutation: You can breathe flames. [mutagenic meat]
 11333 | D:7      | Gained mutation: Armour fits poorly on your strangely shaped body. [mutagenic meat]
 11335 | D:7      | Lost mutation: You are weak. (Str -2) [mutagenic meat]
 11513 | D:7      | Gained mutation: You are occasionally teleported to nearby monsters. [mutagenic meat]
 11514 | D:7      | Gained mutation: You can breathe fire. [mutagenic meat]
 11515 | D:7      | Gained mutation: You are clumsy. (Dex -2) [mutagenic meat]
 11516 | D:7      | Gained mutation: You are partially covered in rugged brown scales (AC +1, +3% HP). [mutagenic meat]
 11615 | D:7      | Reached XP level 9. HP: 47/47 MP: 19/25
 12767 | D:8      | Reached skill level 11 in Spellcasting
 12850 | D:8      | Noticed Erica
 13010 | D:8      | Killed Erica
 13010 | D:8      | Reached skill level 1 in Fighting
 13552 | D:8      | Acquired Sif Muna's third power
 13552 | D:8      | Reached skill level 12 in Spellcasting
 13745 | D:8      | Found an opulent altar of Gozag.
 13761 | D:8      | Found a snail-covered altar of Cheibriados.
 13761 | D:8      | Found a glowing silver altar of Zin.
 13983 | D:8      | Reached skill level 5 in Stealth
 13983 | D:8      | Reached XP level 10. HP: 18/53 MP: 1/28
 14913 | D:9      | Lost mutation: You have large cloven feet. [mutagenic meat]
 14914 | D:9      | Gained mutation: Scrolls take you a little longer to read. [mutagenic meat]
 15026 | D:10     | Entered Level 10 of the Dungeon
 15695 | D:9      | HP: 2/53 [killer bee (1)]
 15700 | D:9      | Slain by a killer bee

Vault maps used:
D:1:      minmay_arrival_arboretum_small, minivault_25
D:2:      wad_woods_pond
D:3:      wad_woods_stonehenge, grunt_qazlal_sundering
D:4:      lemuel_round_altar, grunt_temple_overflow_open,
          minmay_temple_entry_purple_smoke, serial_shops, shop_coins,
          nicolae_shop_stone, shop, serial_park_tiny_pond, grunt_ministairs_15,
          kennysheep_generic_room_13
D:5:      first_bread, nicolae_ossuary_entry_plus
D:6:      serial_shops, nicolae_shop_overgrown_old_shop
D:8:      grunt_temple_overflow_diamond, enter_bailey_2, uniq_erica
D:10:     dpeg_lair_monsters, hiddenorc1_lemuel
Temple:   eino_temple_water_12
Ossuary:  ossuary_due_small_catacomb

Action                   |  1- 3 |  4- 6 |  7- 9 | 10-12 || total
-------------------------+-------+-------+-------+-------++-------
Melee: Club              |     6 |       |       |       ||     6
       Whip              |    22 |    74 |    69 |       ||   165
       Dagger            |     7 |       |    43 |    31 ||    81
       Staff             |       |       |    27 |     2 ||    29
 Cast: Magic Dart        |    61 |    74 |   310 |    46 ||   491
       Call Imp          |    18 |    34 |    62 |    21 ||   135
       Blink             |     1 |       |     1 |     7 ||     9
       Mephitic Cloud    |       |     3 |    25 |     1 ||    29
       Conjure Flame     |       |     2 |    32 |     8 ||    42
       Repel Missiles    |       |       |     1 |       ||     1
 Abil: Breathe Fire      |       |       |     2 |       ||     2
Evoke: Wand              |       |       |     5 |     2 ||     7
  Use: Potion            |     2 |     6 |     4 |     4 ||    16
       Scroll            |       |     2 |    17 |     1 ||    20
 Stab: Distracted        |       |       |     2 |     1 ||     3
       Sleeping          |       |       |     1 |       ||     1
       Confused          |       |       |     6 |       ||     6
  Eat: Chunk             |     1 |     3 |    22 |     3 ||    29
       Bread ration      |     1 |     2 |       |     1 ||     4
       Pizza             |       |       |     1 |     1 ||     2
       Meat ration       |       |       |     1 |       ||     1
       Royal jelly       |       |       |     1 |       ||     1
       Beef jerky        |       |       |     1 |       ||     1
       Fruit             |       |       |       |     1 ||     1
